 Dungeon Crawl Stone Soup version 0.31.0-12-g77e489cdc1 (webtiles) character file.

Game seed: 4920196313174669464

15 spaghetti the Trooper (level 2, 25/25 HPs)
             Began as a Demonspawn Chaos Knight on Mar 1, 2024.
             Was a Plaything of Xom.
             Quit the game on level 1 of the Dungeon.
             The game lasted 00:00:24 (234 turns).

spaghetti the Trooper (Demonspawn Chaos Knight)      Turns: 234, Time: 00:00:25

Health: 25/25      AC:  5    Str: 12    XL:     2   Next: 34%
Magic:  2/2        EV: 11    Int: 12    God:    Xom [..*...]
Gold:   17         SH:  0    Dex: 12    Spells: 1/1 levels left

rFire   . .          .
                       - Unarmed
rCold   . . .        (no shield)
rNeg    . . .        a - +2 leather armour
rPois   .            (no helmet)
rElec   .            (no cloak)
rCorr   .            (no gloves)
SInv    .            (no boots)
Will    .....        (no amulet)
Stlth   +            (no ring)
HPRegen 0.24/turn    (no ring)
MPRegen 0.08/turn

%: no passive effects
@: no status effects
A: demonic touch 1
a: Renounce Religion


You were on level 1 of the Dungeon.
You worshipped Xom.
You were a toy of Xom.
You visited 1 branch of the dungeon, and saw 1 of its levels.

You collected 17 gold pieces.

Inventory:

Armour
 a - a +2 leather armour (worn)
 d - a +2 hat
Scrolls
 b - a scroll of butterflies
 c - a scroll of brand weapon {unknown}


   Skills:
 + Level 3.8 Fighting
 - Level 1.7 Armour
 - Level 0.8 Dodging
 - Level 2.6 Unarmed Combat


You had one spell level left.
You didn't know any spells.
Your spell library was empty.

Dungeon Overview and Level Annotations

Branches:
Dungeon (1/15)

Altars:


Innate Abilities, Weirdness & Mutations

Your touch may inflict minor irresistible damage on your foes.


Message History

The bat barely misses you. The dart slug bites you.
You hit the dart slug but do no damage.
You touch the dart slug!
You kill the dart slug!
The bat hits you but does no damage. The kobold hits you but does no damage.
You barely miss the kobold. You punch the kobold.
The kobold is moderately wounded.
The bat barely misses you. The kobold misses you.
You hit the kobold. Your punch misses the kobold.
The kobold is heavily wounded.
The bat barely misses you. The kobold barely misses you.
You closely miss the kobold.
You touch the kobold.
You kill the kobold!
The bat misses you. "See what I see, my child!"
You detect items!
The bat completely misses you. The bat hits you but does no damage.
The bat hits you but does no damage.
You hit the bat. Your touch misses the bat.
The bat is moderately wounded.
The bat hits you but does no damage. The bat closely misses you.
The bat hits you but does no damage. The bat misses you.
You hit the bat.
You touch the bat.
You kill the bat!
No target in view!
No target in view!
No target in view!
No target in view!
No target in view!
An endoplasm comes into view.
Found a runed hat.
The endoplasm quivers.
You hit the endoplasm.
You kill the endoplasm!
c - a scroll labelled SAC YJ HOD You see here a +0 leather armour.
You see here a +2 hat.
No target in view!
d - a +2 hat Are you sure you want to abandon this character and quit the game? (Confirm with "yes".)

#.#.# ###.#.#
#.....########
#.#..........#
∆ #....#..##.#
#..#.##.#...#.#
#......[....#.#
#######.#.....#
...#.#..@#
#####.....#
......####
#####.# ..#
####


There were no monsters in sight!

Vanquished Creatures
  A dart slug (D:1)
  A bat (D:1)
  An endoplasm (D:1)
  4 jackals (D:1)
  A kobold (D:1)
  A frilled lizard (D:1)
  A goblin (D:1)
  2 rats (D:1)
12 creatures vanquished.

Notes
Turn   | Place    | Note
-------+----------+-------------------------------------------
     0 | D:1      | spaghetti the Demonspawn Chaos Knight began the quest for
                  | the Orb.
     0 | D:1      | Reached XP level 1. HP: 18/18 MP: 1/1
   145 | D:1      | XOM: divination: magic mapping
   164 | D:1      | Gained mutation: Your touch may inflict minor irresistible
                  | damage on your foes. [demonic ancestry]
   164 | D:1      | Reached XP level 2. HP: 24/24 MP: 2/2
   200 | D:1      | XOM: divination: detect items
   234 | D:1      | Quit the game

Illustrated notes

Levels and vault maps discovered:
D:1:      lightli_arrival_windingriver, layout_basic

Action                     || total
---------------------------++-------
  Melee: Unarmed           ||    40
         Touch             ||     3
         Punch             ||     1
 Armour: Leather armour    ||    44
  Dodge: Dodged            ||    40
